 Dungeon Crawl Stone Soup version 0.32-a0-953-g508020473e (webtiles) character file.

Game seed: 2805312579544378751

51607 Berder the Scorcher (level 14, -2/135 HPs)
             Began as a Naga Fire Elementalist on Apr 16, 2024.
             Was a High Priest of Vehumet.
             Slain by a sun demon (11 damage)
             ... summoned by an orc sorcerer
             ... on level 2 of the Orcish Mines on Apr 17, 2024.
             The game lasted 00:50:13 (24150 turns).

Berder the Scorcher (Naga Fire Elementalist)       Turns: 24150, Time: 00:50:14

Health: -2/135     AC: 12    Str: 10    XL:     14   Next: 60%
Magic:  10/28      EV:  7    Int: 24    God:    Vehumet [*****.]
Gold:   1908       SH:  0    Dex: 16    Spells: 8/33 levels left

rFire   . . .        P - +1 quarterstaff "Giantbane" {drain, rElec Int+4 Dex+3}
rCold   . . .        (shield currently unavailable)
rNeg    + . .        K - +1 ring mail of the Hundredfold Towns {Regen+ Stlth+}
rPois   +            M - +0 hat {Will+}
rElec   +            (no cloak)
rCorr   .            (no gloves)
SInv    +            (no barding)
Will    ++...        D - amulet of the acrobat
Stlth   +++          l - +4 ring of protection
HPRegen 1.22/turn    r - ring of positive energy
MPRegen 0.21/turn

%: acrobat
@: about to teleport, very slow
A: AC +4, large, see invisible, deformed body, poison resistance, slowness 2,
spit poison 1, naga tail 2
a: Spit Poison, Renounce Religion


You were on level 2 of the Orcish Mines.
You worshipped Vehumet.
Vehumet was extremely pleased with you.
You visited 4 branches of the dungeon, and saw 20 of its levels.

You collected 1964 gold pieces.
You spent 56 gold pieces at shops.

Inventory:

Hand Weapons
 a - a +3 trident of draining
 i - a +0 hand axe
 P - the +1 quarterstaff "Giantbane" (weapon) {drain, rElec Int+4 Dex+3}
   (You took it off a necromancer on level 5 of the Lair of Beasts)

   Int+4:     It affects your intelligence (+4).
   Dex+3:     It affects your dexterity (+3).
   rElec:     It insulates you from electricity.
Missiles
 m - 25 poisoned darts
Armour
 k - a +0 buckler
 v - a +2 robe of cold resistance
 y - a +2 troll leather armour {Snorg}
 z - a +0 robe
 K - the +1 ring mail of the Hundredfold Towns (worn) {Regen+ Stlth+}
   (You found it on level 10 of the Dungeon)

   Regen+:    It increases your rate of health regeneration.
   Stlth+:    It makes you more stealthy.
 L - a +2 helmet
 M - a +0 hat of willpower (worn)
Magical Staves
 c - a staff of cold
Jewellery
 l - a +4 ring of protection (left hand)
 p - a ring of flight
 r - a ring of positive energy (right hand)
 t - an amulet of faith
 C - a +6 ring of dexterity
 D - an amulet of the acrobat (around neck)
Wands
 F - a wand of flame (53)
 N - a wand of digging (6)
 O - a wand of mindburst (5)
Scrolls
 d - a scroll of enchant armour
 g - 4 scrolls of teleportation
 o - 5 scrolls of fear
 s - 3 scrolls of revelation
 x - 4 scrolls of amnesia
 A - a scroll of brand weapon
 B - 2 scrolls of immolation
 E - 4 scrolls of fog
 G - 7 scrolls of identify
 H - 3 scrolls of noise
 J - 2 scrolls of vulnerability
Potions
 b - 3 potions of magic
 e - a potion of brilliance
 f - 6 potions of heal wounds
 h - 8 potions of curing
 j - 6 potions of ambrosia
 n - 2 potions of invisibility
 q - 9 potions of haste
 u - 2 potions of enlightenment
 w - 2 potions of attraction


   Skills:
 - Level 11.1 Fighting
 - Level 1.5 Dodging
 - Level 3.0 Stealth
 - Level 10.0 Spellcasting
 - Level 12.5 Conjurations
 + Level 16.2 Fire Magic


You had 8 spell levels left.
You knew the following spells:

 Your Spells              Type           Power      Damage    Failure   Level
a - Foxfire               Conj/Fire      100%       2x1d9     1%          1
b - Scorch                Fire           100%       2d9       1%          2
c - Flame Wave            Conj/Fire      69%        2d16      1%          4
d - Iskenderun's Mystic   Conj/Tloc      42%        2d10      (+2d53%     4
e - Starburst             Conj/Fire      34%        6d10      1%          6
f - Mephitic Cloud        Conj/Alch/Air  32%        N/A       2%          3
g - Fireball              Conj/Fire      34%        3d14      1%          5

Your spell library contained the following spells:

 Spells                   Type           Power      Damage    Failure   Level
 Conjure Ball Lightning   Conj/Air       21%        3x3d6     36%         6
 Magic Dart               Conj           100%       1d8       1%          1
 Hailstorm                Conj/Ice       42%        3d9       1%          3
 Inner Flame              Hex/Fire       50%        N/A       1%          3
 Volatile Blastmotes      Fire/Tloc      100%       2d18      1%          3
 Ignite Poison            Fire/Alch      50%        N/A       1%          4
 Sticky Flame             Fire/Alch      50%        2d9       1%          4
 Fulminant Prism          Conj/Alch      21%        3d12      3%          4
 Plasma Beam              Fire/Air       25%        2x1d37    19%         6
 Blink                    Tloc           24%        N/A       21%         2
 Call Imp                 Summ           24%        N/A       21%         2
 Ignition                 Fire           37%        3d11      28%         8
 Olgreb's Toxic Radiance  Alch           12%        N/A       32%         4
 Tukima's Dance           Hex            12%        N/A       38%         3
 Dimensional Bullseye     Hex/Tloc       6%         N/A       80%         4
 Ozocubu's Refrigeration  Ice            6%         4d8       100%        7
 Discord                  Hex            6%         N/A       100%        8


Dungeon Overview and Level Annotations

Branches:
Dungeon (12/15)            Temple (1/1) D:4            Lair (5/5) D:9
 Shoals (0/4) Lair:3       Spider (0/4) Lair:3        Slime (0/5) Lair:4
    Orc (2/2) D:10            Elf (0/3) Orc:2

Altars:
Ashenzari
Cheibriados
Dithmenos
Elyvilon
Fedhas
Gozag
Hepliaklqana
Kikubaaqudgha
Makhleb
Nemelex Xobeh
Okawaru
Qazlal
Ru
Sif Muna
Trog
Uskayaw
Vehumet
Wu Jian
Xom
Yredelemnul
Zin
The Shining One

Shops:
D:8 ?

Annotations:
D:8 3 runed translucent doors, Fodor's ghost, novice MiFi; wally255's ghost, novice FeSu
D:12 Rupert
Lair:1 2 exclusions
Lair:5 exclusion: obsidian statue


Innate Abilities, Weirdness & Mutations

Your serpentine skin is tough. (AC +4)
You have supernaturally acute eyesight. (SInv)
Armour fits poorly on your strangely shaped body.
Your system is resistant to poisons. (rPois)
You cover ground very slowly.
You can spit poison.
You can use your snake-like lower body to constrict enemies.


Message History

The bolt of fire misses the sun demon.
The sun demon hits you but does no damage.
The sun demon hits you.
* * * LOW HITPOINT WARNING * * *
You are engulfed in flames!
* * * LOW HITPOINT WARNING * * *
Unknown command.
Casting: Starburst (dangerous; 1% risk of failure)
Confirm with . or Enter, or press ? or * to list all spells.
You erupt in a blast of force!
The mystic blast hits the orc wizard!
The orc wizard is severely wounded.
The orc wizard is knocked back by the mystic blast.
The mystic blast hits the chaos spawn!
The chaos spawn is moderately wounded.
The chaos spawn is knocked back by the mystic blast.
The mystic blast hits the orc sorcerer.
The orc sorcerer is almost dead.
The orc sorcerer is knocked back by the mystic blast.
The orc sorcerer slams into the orcish idol.
The orc sorcerer is almost dead.
The mystic blast hits the sun demon!
The sun demon is heavily wounded.
The sun demon is knocked back by the mystic blast.
The sun demon slams into the stone wall.
The sun demon is heavily wounded.
The mystic blast hits the sun demon!
The sun demon is lightly wounded.
The sun demon is knocked back by the mystic blast.
Unknown command.
Press: ? - help, v - describe, . - travel
Here: a sun demon (lightly wounded, summoned)
An open door, spattered with blood.
Unknown command.
As you read the scroll of teleportation, it crumbles to dust.
You feel strangely unstable. The sun demon hits you.
* * * LOW HITPOINT WARNING * * *
You are engulfed in flames!
* * * LOW HITPOINT WARNING * * *
The sun demon hits you!
You die...

.....##.#.....................###
.....##.#.......................#
...>.###...........###.#.##.....#
....##.##÷##........#####........
...o....#.#.......######.........
....##.)o.3..o.ß...##.###........
....#.##.o)..)4)))).......)).....
...........))##3##)......)).)...#
............)#?3@#........)......
..........#.##._.#............#.#
##.......#.###...#...............
#...........######..............#
##.#...)#.## #..#.......##.#.#
##)....### ......#..####....
#......# .##.##..# #.....
###..#..## ## #.# #.....
#.......### ## ##....


You could see 2 sun demons, a chaos spawn (summoned) and an orc wizard.

Vanquished Creatures
  Gastronok (Lair:2)
  Kirke (D:11)
  Nessos (Lair:3)
  A dire elephant (Lair:5)
  Snorg (Lair:3)
  Josephine (Orc:1)
  Erolcha (D:9)
  2 hydras
  A boulder beetle (Lair:5)
  3 two-headed ogres
  4 death yaks
  Erica (D:8)
  Nergalle (D:11)
  An orc high priest (Orc:2)
  Urug (D:12)
  A spectral death yak (Lair:5)
  A spectral anaconda (Lair:5)
  3 necromancers (Lair:5)
  A cyclops (D:11)
  2 deep elf zephyrmancers (Orc:1)
  An obsidian bat (Orc:1)
  A merfolk siren (Lair:3)
  6 black mambas
  A dire elephant zombie (Lair:5)
  12 elephants
  8 cane toads
  3 gargoyles
  An unseen horror (D:12)
  7 komodo dragons
  Jeremiah (D:7)
  4 rime drakes
  5 trolls
  3 jumping spiders (Lair:3)
  A spectral elephant (Lair:5)
  11 blink frogs
  2 shadows
  5 wraiths
  3 wyverns
  38 yaks
  3 hogs
  A steam dragon (D:5)
  A basilisk (Lair:5)
  2 wargs
  3 vampire mosquitoes (D:11)
  A death yak simulacrum (Lair:5)
  7 redbacks (Lair:3)
  2 spectral cane toads (Lair:5)
  2 acid dragons
  11 water moccasins
  12 orc warriors
  3 black bears
  2 ice beasts
  An elephant skeleton (Lair:5)
  5 wolves (Lair:5)
  2 ogres
  6 centaurs
  2 kobold brigands
  8 bullfrogs
  5 scorpions
  A gnoll sergeant (D:11)
  3 cane toad simulacra (Lair:5)
  5 wights (D:8)
  An electric eel (Lair:1)
  2 howler monkeys
  A crimson imp (Orc:1)
  4 hounds
  An iron imp (Orc:1)
  24 orc priests
  A gnoll bouda (D:6)
  Jessica (D:3)
  6 iguanas
  Terence (D:2)
  Natasha (twice) (D:4)
  24 orc wizards
  12 gnolls
  11 adders
  3 shadow imps
  A white imp (Orc:1)
  6 ufetubi
  A dart slug (D:4)
  55 orcs
  7 endoplasms
  5 giant cockroaches
  9 goblins
  4 hobgoblins
  22 kobolds
  5 quokkas
  6 ball pythons
  6 bats
  7 frilled lizards
  6 rats
464 creatures vanquished.

Vanquished Creatures (collateral kills)
  2 foxfires (Lair:3)
2 creatures vanquished.

Vanquished Creatures (others)
  An orc wizard (Orc:2)
  934 foxfires
935 creatures vanquished.

Grand Total: 1401 creatures vanquished

Notes
Turn   | Place    | Note
-------+----------+-------------------------------------------
     0 | D:1      | Berder the Naga Fire Elementalist began the quest for the
                  | Orb.
     0 | D:1      | Reached XP level 1. HP: 15/15 MP: 3/3
   282 | D:1      | Reached XP level 2. HP: 22/22 MP: 1/5
   927 | D:2      | Reached XP level 3. HP: 28/28 MP: 0/6
  1086 | D:2      | Learned a level 2 spell: Scorch
  1223 | D:2      | Reached XP level 4. HP: 31/36 MP: 2/7
  1426 | D:2      | Noticed Terence
  1446 | D:2      | Killed Terence
  1892 | D:3      | Reached XP level 5. HP: 42/42 MP: 3/9
  1905 | D:3      | Learned a level 4 spell: Flame Wave
  2770 | D:3      | Noticed Jessica
  2773 | D:3      | Killed Jessica
  2774 | D:3      | Reached skill level 4 in Fire Magic
  2774 | D:3      | Reached XP level 6. HP: 49/49 MP: 6/10
  3427 | D:4      | Noticed a black bear
  3439 | D:4      | Killed a black bear
  3528 | D:4      | Found a staircase to the Ecumenical Temple.
  3547 | Temple   | Entered the Ecumenical Temple
  3612 | Temple   | Became a worshipper of Vehumet
  3724 | D:4      | Noticed Natasha
  3729 | D:4      | Killed Natasha
  3847 | D:4      | Reached XP level 7. HP: 55/55 MP: 8/12
  4123 | D:4      | Noticed Natasha
  4136 | D:4      | Killed Natasha
  4289 | D:4      | Reached skill level 5 in Conjurations
  4653 | D:5      | Entered Level 5 of the Dungeon
  4743 | D:5      | Reached skill level 5 in Fire Magic
  5336 | D:5      | Noticed a steam dragon
  5340 | D:5      | Killed a steam dragon
  5341 | D:5      | Reached XP level 8. HP: 62/62 MP: 7/15
  5464 | D:5      | Reached skill level 5 in Spellcasting
  5759 | D:6      | Reached skill level 6 in Fire Magic
  5855 | D:6      | Reached * piety under Vehumet
  5855 | D:6      | Offered knowledge of Sting by Vehumet.
  6854 | D:7      | Reached XP level 9. HP: 62/68 MP: 7/18
  7119 | D:6      | Reached skill level 7 in Fire Magic
  7841 | D:7      | Noticed Jeremiah
  7865 | D:7      | Killed Jeremiah
  7933 | D:7      | Offered knowledge of Kiss of Death by Vehumet.
  7935 | D:7      | Reached ** piety under Vehumet
  8966 | D:8      | Reached skill level 8 in Fire Magic
  9075 | D:8      | Noticed a two-headed ogre
  9085 | D:8      | Killed a two-headed ogre
  9086 | D:8      | Reached XP level 10. HP: 40/75 MP: 10/21
  9202 | D:8      | You fall into a shaft and drop 1 floor!
  9220 | D:9      | Found a staircase to the Lair.
  9486 | D:8      | Found a runed translucent gate.
  9487 | D:8      | Found a runed translucent gate.
  9488 | D:8      | Found a runed translucent gate.
  9512 | D:8      | Learned a level 4 spell: Iskenderun's Mystic Blast
  9516 | D:8      | Noticed Erica
  9523 | D:8      | Killed Erica
  9661 | D:8      | Found Puosh's Magic Scroll Emporium.
  9675 | D:8      | Bought a scroll of identify for 28 gold pieces
  9675 | D:8      | Bought a scroll of identify for 28 gold pieces
  9815 | D:8      | Noticed Fodor's ghost (novice MiFi)
  9815 | D:8      | Noticed wally255's ghost (novice FeSu)
  9834 | D:9      | Noticed Erolcha
  9899 | D:9      | Reached skill level 9 in Fire Magic
  9994 | D:9      | Killed Erolcha
  9994 | D:9      | Offered knowledge of Momentum Strike by Vehumet.
 10280 | D:10     | Entered Level 10 of the Dungeon
 10336 | D:10     | Found a bloodstained altar of Trog.
 10486 | D:10     | Noticed a two-headed ogre
 10492 | D:10     | Killed a two-headed ogre
 10618 | D:10     | Reached XP level 11. HP: 77/81 MP: 15/23
 10866 | D:10     | Identified the +1 ring mail of the Hundredfold Towns
                  | {Regen+ Stlth+}
 11031 | D:10     | Reached *** piety under Vehumet
 11035 | D:10     | Reached skill level 10 in Conjurations
 11035 | D:10     | Reached skill level 10 in Fire Magic
 11173 | D:10     | Found a staircase to the Orcish Mines.
 11762 | Lair:1   | Entered Level 1 of the Lair of Beasts
 12275 | Lair:1   | Learned a level 6 spell: Starburst
 12542 | Lair:1   | Noticed a six-headed hydra
 12552 | Lair:1   | Killed a six-headed hydra
 12584 | Lair:1   | Offered knowledge of Mephitic Cloud by Vehumet.
 12585 | Lair:1   | Reached skill level 10 in Spellcasting
 12590 | Lair:1   | Reached skill level 11 in Fire Magic
 12604 | Lair:1   | Learned a level 3 spell: Mephitic Cloud
 13412 | Lair:2   | Reached XP level 12. HP: 88/88 MP: 20/26
 14145 | Lair:2   | Noticed Gastronok
 14160 | Lair:2   | Killed Gastronok
 14161 | Lair:2   | Reached skill level 12 in Fire Magic
 14436 | Lair:2   | Reached **** piety under Vehumet
 14781 | Lair:3   | Noticed Snorg
 14960 | Lair:3   | Killed Snorg
 15268 | Lair:3   | Noticed Nessos
 15276 | Lair:3   | Offered knowledge of Fireball by Vehumet.
 15277 | Lair:3   | Killed Nessos
 15303 | Lair:3   | Learned a level 5 spell: Fireball
 15372 | Lair:3   | Reached skill level 5 in Fighting
 15372 | Lair:3   | Reached skill level 13 in Fire Magic
 15523 | Lair:3   | Gained mutation: You can use your snake-like lower body to
                  | constrict enemies. [Naga growth]
 15523 | Lair:3   | Reached XP level 13. HP: 110/110 MP: 17/27
 15909 | Lair:3   | Found a hole to the Spider Nest.
 16330 | Lair:3   | Found a staircase to the Shoals.
 16997 | Lair:4   | Got Sif Muna's Directory of the Volcano and Percussion
 17385 | Lair:4   | Found a staircase to the Slime Pits.
 17887 | Lair:4   | Reached skill level 14 in Fire Magic
 17890 | Lair:4   | Reached ***** piety under Vehumet
 18160 | Lair:5   | Entered Level 5 of the Lair of Beasts
 18304 | Lair:5   | Offered knowledge of Spellforged Servitor by Vehumet.
 18814 | Lair:5   | Noticed a dire elephant
 19325 | Lair:5   | Identified the +1 quarterstaff "Giantbane" {drain, rElec
                  | Int+4 Dex+3}
 20084 | Lair:5   | Reached skill level 15 in Fire Magic
 20084 | Lair:5   | Reached XP level 14. HP: 129/129 MP: 7/28
 20305 | Lair:5   | Killed a dire elephant
 21099 | D:11     | Reached skill level 10 in Fighting
 21595 | D:12     | Noticed Nergalle
 21596 | D:12     | Noticed Urug
 21605 | D:11     | Killed Nergalle
 21735 | D:12     | Noticed Kirke
 21779 | D:12     | Killed Urug
 21978 | D:11     | Killed Kirke
 22005 | D:12     | Noticed Rupert
 22007 | D:12     | Paralysed by Rupert for 5 turns
 22206 | Orc:1    | Entered Level 1 of the Orcish Mines
 22226 | Orc:1    | Noticed Josephine
 22401 | Orc:1    | Killed Josephine
 23391 | Orc:2    | Entered Level 2 of the Orcish Mines
 23671 | Orc:2    | Reached skill level 16 in Fire Magic
 23671 | Orc:2    | Found an iron altar of Okawaru.
 23753 | Orc:2    | Found a staircase to the Elven Halls.
 23818 | Orc:2    | Offered knowledge of Conjure Ball Lightning by Vehumet.
 24150 | Orc:2    | Slain by a sun demon

Illustrated notes

Levels and vault maps discovered:
D:1:      lemuel_arrival_behind_the_door_small, layout_rooms, serial_rivers,
          chequers_serial_rivers_small_b, chequers_serial_rivers_room_a,
          chequers_serial_rivers_small_3, chequers_serial_rivers_micro_e,
          chequers_serial_rivers_room_b, chequers_serial_rivers_small_a,
          kennysheep_nondescript
D:2:      layout_rooms, grunt_ministairs_9, uniq_terence
D:3:      minmay_door_path, layout_basic, reono_crystal_passage, uniq_jessica
D:4:      layout_cave_pods, minmay_temple_entry_enclosed_plants, uniq_natasha
D:5:      layout_basic, hangedman_abyss_or_decor_jellyfish_corner
D:6:      layout_loops_cross, corexii_leaking_fountain
D:7:      layout_layer_cave, nicolae_nh_ransacked_shop, uniq_jeremiah
D:8:      layout_basic, serial_shops, shop, gammafunk_ghost_cemetery, uniq_erica
D:9:      layout_cross, lair_entry_dummy, uniq_erolcha
D:10:     nicolae_hitomezashi [nicolae_hito_row, nicolae_hito_row,
          nicolae_hito_row, nicolae_hito_row, nicolae_hito_row,
          nicolae_hito_row, nicolae_hito_row, nicolae_hito_row,
          nicolae_hito_row, nicolae_hito_row, nicolae_hito_row,
          nicolae_hito_row, nicolae_hito_row, nicolae_hito_row,
          nicolae_hito_row, nicolae_hito_row, nicolae_hito_row,
          nicolae_hito_row], layout_stronghold, old_standard_altar,
          hiddenorc1_lemuel
D:11:     layout_stronghold
D:12:     layout_cave_pools, serial_shops, nicolae_shop_window_shopping,
          uniq_nergalle, uniq_rupert, uniq_kirke, uniq_frances, uniq_urug,
          uniq_lodul
Temple:   mainiacjoe_temple_starburst
Lair:1:   layout_loops_ring, serial_rivers, chequers_serial_rivers_micro_b,
          chequers_serial_rivers_micro_c, chequers_serial_rivers_large_b,
          chequers_serial_rivers_marsh, chequers_serial_rivers_micro_c,
          nicolae_lair_liquid_snakes
Lair:2:   layout_cave_pods, lemuel_fruit_tree, uniq_gastronok
Lair:3:   layout_chaotic_city, minmay_shoals_entry_lonely_mermaid,
          nicolae_spider_entry_tight_spaces, beast_lair_carwin_11, uniq_snorg,
          uniq_nessos
Lair:4:   layout_hall_layers, dpeg_slime_entry_enclosed, minmay_hedge_maze,
          serial_bayou_shore_a
Lair:5:   due_jungle_book, layout_cave_pods, chequers_serial_rivers_micro_a
Orc:1:    layout_caves, hangedman_minor_magic, uniq_josephine
Orc:2:    st_orc_mages, layout_diamond_mine, david_defended_altar_orc,
          uniq_sonja

Skill      XL: |  1  2  3  4  5  6  7  8  9 10 11 12 13 14 |
---------------+-------------------------------------------+-----
Conjurations   | 2 3 4 5 6 8 9 11 12 | 12.5
Spellcasting   | 3 4 6 7 8 10 | 10.0
Fire Magic     | 4 5 6 8 9 11 13 15 16 | 16.2
Fighting       | 5 9 11 | 11.1
Dodging        | |  1.5
Stealth        | |  3.0

Action                     |  1- 3 |  4- 6 |  7- 9 | 10-12 | 13-15 || total
---------------------------+-------+-------+-------+-------+-------++-------
  Melee: Unarmed           |     4 |       |       |       |       ||     4
         Staff             |       |       |     5 |       |     2 ||     7
         Trident           |       |       |    14 |    17 |    32 ||    63
         Constrict         |       |       |       |       |    19 ||    19
         Quarterstaff      |       |       |       |       |    26 ||    26
   Cast: Foxfire           |    54 |   110 |   175 |   191 |    22 ||   552
         Scorch            |     1 |     8 |    45 |    39 |     7 ||   100
         Flame Wave        |       |       |    14 |    31 |    14 ||    59
         Iskenderun's Myst |       |       |       |     4 |     7 ||    11
         Starburst         |       |       |       |    33 |    56 ||    89
         Fireball          |       |       |       |     7 |   149 ||   156
         Mephitic Cloud    |       |       |       |     1 |     1 ||     2
Ability: Spit Poison       |    13 |     3 |     8 |     3 |     6 ||    33
  Evoke: Wand              |       |       |     4 |    14 |    12 ||    30
    Use: Scroll            |       |       |     7 |     8 |     9 ||    24
         Potion            |       |       |       |     1 |     3 ||     4
 Armour: Robe              |    29 |     7 |    79 |    25 |       ||   140
         Ring mail         |       |       |       |    95 |   227 ||   322
         Skin              |       |       |       |       |     3 ||     3
  Dodge: Dodged            |    18 |     5 |    44 |    36 |    67 ||   170

Table legend: (Time is in decaauts)
 A = Elapsed time spent in this place.
 B = Non-inter-level travel time spent in this place.
 C = Inter-level travel time spent in this place.
 D = Time resting spent in this place.
 E = Time spent auto-exploring this place.
 F = Levels seen in this place.
 G = Mean time per level.
                   A        B        C        D        E       F      G
               +--------+--------+--------+--------+--------+-----+--------+
         Total |  29355 |  28239 |   1116 |   8123 |  15130 |  20 | 1467.8 |
       Dungeon |  16259 |  15601 |    658 |   4005 |   8753 |  12 | 1354.9 |
        Temple |    162 |     12 |    150 |      0 |      9 |   1 |  162.0 |
          Lair |  10804 |  10497 |    307 |   3444 |   5312 |   5 | 2160.8 |
  Orcish Mines |   2128 |   2128 |      0 |    673 |   1055 |   2 | 1064.0 |
               +--------+--------+--------+--------+--------+-----+--------+

Top non-repeatable levels by time:
  Lair:5: 2978 daAuts
  Lair:3: 2328 daAuts
    D:10: 2165 daAuts
  Lair:2: 2146 daAuts
     D:7: 1917 daAuts
     D:3: 1692 daAuts
  Lair:4: 1691 daAuts
  Lair:1: 1660 daAuts
     D:5: 1645 daAuts
     D:4: 1619 daAuts
    D:11: 1558 daAuts
     D:8: 1528 daAuts
     D:1: 1272 daAuts
   Orc:1: 1229 daAuts
     D:6: 1138 daAuts
